[Event "Team 45 45 League T43"]
[Site "Internet Chess Club"]
[Date "2009.12.06"]
[Round "6"]
[White "sly20"]
[Black "beerss"]
[Result "1-0"]
[WhiteElo "1535"]
[BlackElo "1341"]
[Opening "Queen's pawn: Chigorin variation"]
[ECO "D00"]
[Time "20:30:14"]
[TimeControl "2700+45"]

1. d4 d5 2. Nc3 e6 3. Nf3 Nf6 4. Bg5 Be7 5. Bxf6 Bxf6 6. e4 dxe4 7. Nxe4 Nd7 8.
Bc4 Nb6 9. Qe2 Nd5 10. O-O-O c6 11. g4 Qc7 12. g5 Be7 13. Ne5 Bd7 14. Qh5 g6 15.
Qf3 Rf8 16. Qh3 f5 17. Qxh7 fxe4 18. Qxg6+ Kd8 19. h4 Kc8 20. Rd2 Nf4 21. Qxe4
Bd6 22. g6 Bxe5 23. dxe5 b5 24. Bxb5 cxb5 25. Qxa8+ Qb8 26. Qxb8+ Kxb8 27. Rxd7
Nxg6 28. Rd6 Nxe5 29. Rxe6 Ng4 30. Rf1 Nxf2 31. Kb1 Rd8 32. c4 bxc4 33. Rxf2
{Black resigns} 1-0

[Event "Team 45 45 League T43"]
[Site "Internet Chess Club"]
[Date "2009.12.04"]
[Round "6"]
[White "MateIn42"]
[Black "The-Capitalist"]
[Result "0-1"]
[WhiteElo "1405"]
[BlackElo "1327"]
[Opening "Réti opening"]
[ECO "A05"]
[Time "21:00:21"]
[TimeControl "2700+45"]

1. Nf3 Nf6 2. g3 d5 3. Bg2 Bf5 4. O-O e6 5. d3 h6 6. Nbd2 Be7 7. Re1 O-O 8. e4
dxe4 9. dxe4 Nxe4 10. Ne5 Nd6 11. Ndc4 Nxc4 12. Nxc4 Qxd1 13. Rxd1 c6 14. Ne3
Na6 15. Nxf5 exf5 16. Rd7 Rfe8 17. Bf4 Nc5 18. Rxb7 Bf6 19. Bxc6 Re6 20. Rxf7
Rxc6 21. Rc7 Rxc7 22. Bxc7 Rc8 23. Bf4 Ne6 24. c3 Nxf4 25. gxf4 Rc4 26. Rd1 Rxf4
27. Rd7 a5 28. Rc7 Rg4+ 29. Kf1 a4 30. b4 axb3 31. axb3 Be5 32. Rc5 Bxh2 33.
Rxf5 g6 34. Rf3 Rg1+ 35. Ke2 Rb1 36. b4 Rb2+ 37. Kd3 h5 38. Kc4 Kg7 39. b5 Bb8
40. Kc5 g5 41. b6 h4 42. c4 g4 43. Rf5 g3 44. fxg3 hxg3 45. Rg5+ Kf6 46. Rg8 g2
47. Kc6 Bh2 48. b7 g1=Q 49. Rxg1 Bxg1 50. Kc7 Bh2+ 51. Kc8 Ke6 52. c5 Kd5 {White
resigns} 0-1

[Event "Team 45 45 League T43"]
[Site "Internet Chess Club"]
[Date "2009.12.05"]
[Round "6"]
[White "Skylab"]
[Black "kingsrook"]
[Result "1/2-1/2"]
[WhiteElo "1299"]
[BlackElo "1314"]
[Opening "QGD Slav defense"]
[ECO "D10"]
[Time "17:00:34"]
[TimeControl "2700+45"]

1. d4 d5 2. c4 c6 3. Nc3 Nf6 4. Qc2 e6 5. Nf3 Nbd7 6. Bg5 Be7 7. e4 dxe4 8. Nxe4
Bb4+ 9. Nc3 O-O 10. Bd3 h6 11. Bh4 Be7 12. O-O Re8 13. Rfe1 a6 14. Ne5 Rf8 15.
Bxf6 Nxf6 16. Rad1 Kh8 17. Be4 {Game drawn by mutual agreement} 1/2-1/2

[Event "Team 45 45 League T43"]
[Site "Internet Chess Club"]
[Date "2009.12.06"]
[Round "6"]
[White "carambola"]
[Black "WhoHuhWhat"]
[Result "1-0"]
[WhiteElo "1245"]
[BlackElo "1086"]
[Opening "Queen's pawn game, Darooha variation "]
[ECO "D02"]
[Time "19:00:13"]
[TimeControl "2700+45"]

1. d4 Nf6 2. Nf3 d5 3. Nbd2 g6 4. c4 Bg7 5. b3 c6 6. Bb2 Be6 7. c5 Qa5 8. e3
Nbd7 9. Bd3 b6 10. a3 bxc5 11. dxc5 Qxc5 12. b4 Qd6 13. e4 dxe4 14. Nxe4 Qd5 15.
Nxf6+ Nxf6 16. O-O O-O 17. Qe2 Rad8 18. Rfd1 Qb3 19. Nd4 Qd5 20. Rac1 Rd6 21.
Rc5 Bg4 22. f3 Bxf3 23. Nxf3 Qe6 24. Qxe6 Rxe6 25. Ng5 Rd6 26. Bc2 Rxd1+ 27.
Bxd1 Rd8 28. Bb3 Rd2 29. Bc3 Rd6 30. b5 Nd7 31. Nxf7 Nxc5 32. Nxd6+ Nxb3 33.
Bxg7 Kxg7 34. bxc6 {Black resigns} 1-0

[Event "Team 45 45 League T43"]
[Site "Internet Chess Club"]
[Date "2009.12.07"]
[Round "6"]
[White "WzeroMN"]
[Black "bowwrestler"]
[Result "1-0"]
[WhiteElo "1190"]
[BlackElo "1054"]
[Opening "Scandinavian: Pytel-Wade variation"]
[ECO "B01"]
[Time "14:00:02"]
[TimeControl "2700+45"]

1. e4 d5 2. exd5 Qxd5 3. Nc3 Qd6 4. d4 Nf6 5. Nf3 a6 6. Bc4 b5 7. Bb3 Bb7 8. O-O
e6 9. Be3 Nbd7 10. Qd2 Be7 11. Rfe1 O-O 12. a3 Rac8 13. Bg5 c5 14. dxc5 Nxc5 15.
Qxd6 Bxd6 16. Bxf6 gxf6 17. Rad1 Rcd8 18. Ba2 Rfe8 19. b4 Bxf3 20. gxf3 Nb7 21.
Ne4 Be7 22. Rd3 f5 23. Nc3 Bf6 24. Ne2 Bb2 25. Rb3 Bf6 26. f4 Kh8 27. Rd3 Rf8
28. Red1 Rg8+ 29. Kh1 Bh4 30. Rg1 Bxf2 31. Rxg8+ Kxg8 32. Rxd8+ Nxd8 33. Kg2 Bh4
34. c4 bxc4 35. Bxc4 Bf6 36. Bxa6 Bb2 37. a4 Ba3 38. b5 Bb4 39. b6 Nc6 40. b7 f6
41. Nd4 Nb8 42. Bb5 e5 43. Nc6 Bd6 44. Nxb8 Bxb8 45. fxe5 fxe5 46. Kf3 e4+ 47.
Kg2 Kf7 48. h4 Kf6 49. Kf2 f4 50. Kg2 Ke5 51. Kf2 Ba7+ 52. Kf1 e3 53. Ke2 Ke4
54. Bc6+ Kd4 55. Kf3 Kd3 56. Bb5+ Kd2 57. Kxf4 e2 58. Bxe2 Kxe2 59. Kg5 Ke3 60.
Kh6 Kf4 61. h5 Kg4 62. a5 Bb8 63. a6 Ba7 64. Kxh7 Kxh5 65. Kg7 Kg5 66. Kf7 Kf5
67. Ke7 Ke5 68. Kd7 Kd5 69. Kc7 Kc5 70. b8=Q Bxb8+ 71. Kxb8 Kb6 72. a7 Kc6 73.
a8=Q+ Kc5 74. Qa4 Kd5 75. Kc8 Kc5 76. Kc7 Kd5 77. Qc6+ Ke5 78. Qd6+ Ke4 79. Kc6
Kf5 80. Qd4 Ke6 81. Qd5+ Ke7 82. Qd6+ Kf7 83. Kd7 Kg7 84. Ke7 Kg8 85. Qg6+ Kh8
86. Qh6+ Kg8 87. Qh5 Kg7 88. Qg5+ Kh7 89. Kf7 Kh8 90. Qg8# {Black checkmated}
1-0

[Event "Team 45 45 League T43"]
[Site "Internet Chess Club"]
[Date "2009.12.05"]
[Round "6"]
[White "JimGaming"]
[Black "KingOfHearts"]
[Result "1-0"]
[WhiteElo "1302"]
[BlackElo "1275"]
[Opening "Scotch gambit"]
[ECO "C44"]
[Time "14:02:09"]
[TimeControl "2700+45"]

1. e4 e5 2. Nf3 Nc6 3. d4 exd4 4. Bc4 h6 5. c3 Nf6 6. Nxd4 Bc5 7. O-O O-O 8. Re1
Re8 9. f3 Ne5 10. Bf1 d6 11. Kh1 a6 12. b4 Ba7 13. a4 c5 14. Nf5 Bb8 15. bxc5
Bxf5 16. exf5 dxc5 17. c4 Qc7 18. Bf4 Nh5 19. g3 Nxf4 20. gxf4 Rd8 21. Nd2 Nxf3
22. Qxf3 Rxd2 23. Rad1 Qxf4 24. Re8+ Kh7 25. Qxf4 Bxf4 26. Rxa8 Rxd1 27. Kg1 Ra1
28. Ra7 Rxa4 29. Rxb7 Ra1 30. Rxf7 a5 31. f6 Be5 32. Rxg7+ Kh8 33. Rf7 a4 34.
Rf8+ Kh7 35. f7 Kg7 36. Re8 Bd4+ 37. Kg2 Kxf7 38. Re2 a3 39. Rc2 Bb2 40. Bd3 Rb1
41. Rf2+ Kg7 42. Bxb1 {Black resigns} 1-0

[Event "Team 45 45 League T43"]
[Site "Internet Chess Club"]
[Date "2009.12.07"]
[Round "6"]
[White "chips"]
[Black "stillday"]
[Result "0-1"]
[WhiteElo "1202"]
[BlackElo "1187"]
[Opening "Polish (Sokolsky) opening"]
[ECO "A00"]
[Time "15:00:30"]
[TimeControl "2700+45"]

1. b4 e5 2. Bb2 Bxb4 3. Bxe5 Nf6 4. Bc3 Nc6 5. Nf3 O-O 6. a3 Bxc3 7. Nxc3 d5 8.
d4 Ne4 9. Qd3 Bf5 10. Nxe4 dxe4 11. Qb5 Nxd4 12. Nxd4 Qxd4 13. Rd1 Qc3+ 14. Rd2
Rad8 15. Qb4 Qa1+ {White resigns} 0-1

[Event "Team 45 45 League T43"]
[Site "Internet Chess Club"]
[Date "2009.12.03"]
[Round "6"]
[White "sere"]
[Black "KidRattler"]
[Result "1-0"]
[WhiteElo "1099"]
[BlackElo "952"]
[Opening "English: symmetrical, main line with d3"]
[ECO "A38"]
[Time "10:00:32"]
[TimeControl "2700+45"]

1. c4 c5 2. Nc3 Nc6 3. g3 g6 4. Bg2 Bg7 5. Nf3 Nf6 6. O-O O-O 7. d3 b6 8. Ne5
Bb7 9. Nxc6 dxc6 10. Qa4 Qc7 11. Bf4 Qc8 12. Rac1 Rd8 13. Rfd1 a6 14. Bf3 b5 15.
cxb5 cxb5 16. Bxb7 Qxb7 17. Qb3 Qb6 18. Na4 Qa7 19. Nxc5 Rd5 20. d4 Rdd8 21. Be5
Nh5 22. Bxg7 Nxg7 23. Rd2 Nf5 24. e3 e6 25. Rdd1 Rac8 26. Nxe6 Re8 27. Rxc8 Rxc8
28. Ng5 Rf8 29. Rc1 Qb7 30. Rc5 Kg7 31. Qb4 h6 32. g4 hxg5 33. gxf5 gxf5 34.
Rxf5 f6 35. Qc5 Qf3 36. Rxf3 f5 37. Rxf5 Rxf5 38. Qxf5 b4 39. Qxg5+ Kf7 40. Qe5
b3 41. axb3 Kg6 42. e4 a5 43. Qf5+ Kg7 44. Qe6 a4 45. bxa4 Kh7 46. Qg4 Kh6 47.
e5 Kh7 48. Qg5 Kh8 49. Kg2 Kh7 50. Kf3 Kh8 51. Kf4 Kh7 52. Kf5 Kh8 53. Kf6
{Black resigns} 1-0

[Event "Team 45 45 League T43"]
[Site "Internet Chess Club"]
[Date "2009.12.05"]
[Round "6"]
[White "PostMike"]
[Black "Westman"]
[Result "0-1"]
[WhiteElo "1507"]
[BlackElo "1595"]
[Opening "French: Tarrasch, closed variation"]
[ECO "C05"]
[Time "14:41:07"]
[TimeControl "2700+45"]

1. e4 e6 2. d4 d5 3. Nd2 Nf6 4. e5 Nfd7 5. Bd3 c5 6. c3 Nc6 7. Ne2 f6 8. exf6
Nxf6 9. O-O Bd6 10. Nf3 cxd4 11. cxd4 O-O 12. a3 Bd7 13. Bf4 Bxf4 14. Nxf4 Qc7
15. Ne2 e5 16. dxe5 Nxe5 17. Nxe5 Qxe5 18. b4 Rae8 19. Qc2 Ne4 20. f3 Nf6 21.
Rad1 Bf5 22. Bxf5 Qxe2 23. Rd2 Qe3+ 24. Kh1 Qxa3 25. b5 Re3 26. Qa2 a5 27. bxa6
bxa6 28. Ra1 Qb4 29. Qb2 Rfe8 30. Rf1 Qc4 31. Kg1 Re1 32. Bd3 Qc5+ 33. Rf2 a5
34. Qd2 Rxf1+ 35. Kxf1 a4 36. Qa2 a3 37. Rc2 Qb4 38. Be2 Kh8 39. h3 Nh5 40. Qxd5
Ng3+ 41. Kf2 Nxe2 42. Rxe2 Rxe2+ 43. Kxe2 Qb2+ 44. Ke3 h6 45. Qd8+ Kh7 46. Qd3+
g6 47. Qd7+ Qg7 48. Qa4 Qe5+ 49. Kd3 Qd5+ 50. Kc2 Qa2+ 51. Kd1 Kg7 52. Qc2 Qd5+
53. Kc1 a2 54. Qc3+ Kf7 55. Qc7+ Kf6 56. Qc3+ Kg5 57. Qe3+ Kf5 58. g4+ Kf6 59.
Qc3+ Kg5 60. Qe3+ Kh4 61. Qf2+ Kxh3 62. Qf1+ Kg3 {White resigns} 0-1

[Event "Team 45 45 League T43"]
[Site "Internet Chess Club"]
[Date "2009.12.04"]
[Round "6"]
[White "Bible-Believer"]
[Black "tryanything"]
[Result "1/2-1/2"]
[WhiteElo "1527"]
[BlackElo "1595"]
[Opening "Colle system"]
[ECO "D05"]
[Time "14:56:36"]
[TimeControl "2700+45"]

1. d4 d5 2. Nf3 Nf6 3. e3 e6 4. Bd3 c5 5. c3 Nc6 6. Nbd2 cxd4 7. exd4 g6 8. O-O
Bg7 9. Re1 O-O 10. Ne5 Nd7 11. f4 Qb6 12. Kh1 Ndxe5 13. fxe5 f5 14. exf6 Rxf6
15. Nf3 Bd7 16. Bg5 Rf7 17. Qd2 Re8 18. Bf4 a6 19. Ne5 Nxe5 20. Bxe5 Qc6 21.
Rac1 b5 22. a3 Ref8 23. Bxg7 Kxg7 24. Rf1 Rxf1+ 25. Rxf1 Qd6 26. Qe2 Rxf1+ 27.
Qxf1 Qf8 {Game drawn by mutual agreement} 1/2-1/2

[Event "Team 45 45 League T43"]
[Site "Internet Chess Club"]
[Date "2009.12.02"]
[Round "6"]
[White "tightfist"]
[Black "Dr-Checkmate"]
[Result "1-0"]
[WhiteElo "1433"]
[BlackElo "1524"]
[Opening "Bird's opening"]
[ECO "A02"]
[Time "23:00:21"]
[TimeControl "2700+45"]

1. f4 Nf6 2. Nf3 g6 3. e3 Bg7 4. Be2 d6 5. O-O Bg4 6. c4 Nc6 7. Nc3 Qd7 8. d4 h5
9. Bd2 h4 10. Qb3 Nh5 11. Ng5 h3 12. c5 Nd8 13. Bf3 Ng3 14. hxg3 hxg2 15. Kxg2
Bh3+ 16. Kf2 Bxf1 17. Rxf1 dxc5 18. d5 Bf6 19. Nge4 Rh2+ 20. Bg2 c6 21. Nxf6+
exf6 22. Ne4 Ke7 23. Nxc5 Qh3 24. Rg1 b6 25. Ne4 Qf5 26. Nc3 Qd3 27. Qb4+ c5 28.
Qe4+ Qxe4 29. Nxe4 Nb7 30. Kf3 Nd6 31. Nxd6 Kxd6 32. e4 f5 33. e5+ Kxd5 34. Ke3+
Rxg2 35. Rxg2 Re8 36. Rh2 a5 37. a4 Kc4 38. Rh7 Re7 39. Rh8 Rd7 40. Bc3 Rb7 41.
Re8 Kb3 42. e6 Kxa4 43. exf7 Rxf7 44. Re6 b5 45. Rxg6 b4 46. Be5 Kb3 47. Rb6 a4
48. Rb5 Kc4 49. Ra5 Kb3 50. Rxc5 a3 51. bxa3 Kxa3 52. Ra5+ Kb3 53. Bd6 Kc3 54.
Rc5+ Kb2 55. Be5+ Ka2 56. Kd2 Rd7+ 57. Kc2 Ra7 58. Rb5 Ka3 59. Bb2+ Ka2 60. Rxb4
{Black resigns} 1-0

[Event "Team 45 45 League T43"]
[Site "Internet Chess Club"]
[Date "2009.12.06"]
[Round "6"]
[White "jt2000"]
[Black "Aquaman"]
[Result "1-0"]
[WhiteElo "1559"]
[BlackElo "1309"]
[Opening "Sicilian defense"]
[ECO "B27"]
[Time "14:00:57"]
[TimeControl "2700+45"]

1. e4 c5 2. Nf3 h6 3. d4 cxd4 4. Nxd4 e5 5. Nf5 d6 6. Bc4 Nc6 7. c3 Nf6 8. Qf3
Na5 9. Bb5+ Nc6 10. Na3 Be6 11. Nc2 a6 12. Ba4 b5 13. Bb3 Bxb3 14. axb3 d5 15.
exd5 Qxd5 16. Qxd5 Nxd5 17. c4 bxc4 18. bxc4 Ndb4 19. Nxb4 Nxb4 20. O-O f6 21.
Bd2 Bc5 22. Nxg7+ Kf7 23. Nf5 Bf8 24. Ra4 Nd3 25. b4 Nb2 26. Ra2 Nxc4 27. Bc3
Nb6 28. b5 axb5 29. Rxa8 Nxa8 30. Rb1 Nc7 31. Ba5 Nd5 32. Rxb5 Ke6 33. g4 h5 34.
f3 hxg4 35. fxg4 Rg8 36. h3 Rh8 37. Kg2 Nf4+ 38. Kf3 Rxh3+ 39. Ke4 Rh1 40. Rb8
Ba3 41. Rb6+ Kd7 42. Rxf6 Bb2 43. Rd6+ Ke8 44. Rd8+ Kf7 45. Rd7+ Kg8 46. Bb4 Ne6
47. Ne7+ Kf7 48. Nf5+ Kg8 49. Ne7+ Kf7 50. Nc6+ Kg8 51. Re7 Ng5+ 52. Kf5 Nf7 53.
g5 Rf1+ 54. Kg4 Rf4+ 55. Kh5 Rh4+ 56. Kxh4 Bc1 57. Re8+ Kg7 58. Bf8+ Kg6 59.
Ne7+ Kh7 60. g6+ Kh8 61. Bh6# {Black checkmated} 1-0

[Event "Team 45 45 League T43"]
[Site "Internet Chess Club"]
[Date "2009.12.04"]
[Round "6"]
[White "Rookmaster"]
[Black "fishhead"]
[Result "0-1"]
[WhiteElo "1815"]
[BlackElo "1918"]
[Opening "Alekhine's defense: Scandinavian variation"]
[ECO "B02"]
[Time "20:00:22"]
[TimeControl "2700+45"]

1. e4 Nf6 2. Nc3 d5 3. e5 d4 4. exf6 dxc3 5. fxg7 cxd2+ 6. Qxd2 Qxd2+ 7. Bxd2
Bxg7 8. O-O-O Bf5 9. Ne2 e5 10. Ng3 Bg6 11. h4 h5 12. Bd3 Bxd3 13. cxd3 Nc6 14.
Nf5 O-O 15. Nxg7 Kxg7 16. Bc3 Kg6 17. Rh3 Rg8 18. Rg3+ Kf5 19. Rf3+ Ke6 20. g3
Rad8 21. Re1 Rd5 22. Rfe3 f6 23. f4 Kf5 24. fxe5 Nxe5 25. Rf1+ Kg6 26. Bxe5 Rxe5
27. Rxe5 fxe5 28. Kd2 Rd8 29. Ke3 Rd4 30. Rc1 c6 31. Rc4 Kf5 32. Rxd4 exd4+ 33.
Kxd4 Kg4 34. Kc5 Kxg3 35. Kd6 Kxh4 36. Kc7 Kg5 37. Kxb7 h4 38. Kxa7 h3 39. Kb6
h2 40. Kxc6 h1=Q+ 41. Kb6 Qb1 42. a4 Qxb2+ 43. Ka6 Kf6 {White resigns} 0-1

[Event "Team 45 45 League T43"]
[Site "Internet Chess Club"]
[Date "2009.12.06"]
[Round "6"]
[White "moreffee"]
[Black "Timotheous"]
[Result "1-0"]
[WhiteElo "1159"]
[BlackElo "1613"]
[Opening "Sicilian: Smith-Morra gambit"]
[ECO "B21"]
[Time "13:00:12"]
[TimeControl "2700+45"]

1. e4 c5 2. d4 cxd4 3. c3 dxc3 4. Nxc3 d6 5. Nf3 e6 6. e5 dxe5 7. Qxd8+ Kxd8 8.
Nxe5 Nd7 9. Nxf7+ Ke7 10. Nxh8 Ngf6 11. Bb5 a6 12. Bxd7 Bxd7 13. O-O g6 14. Bg5
Bg7 15. Nxg6+ hxg6 16. Rac1 Rh8 17. Rfd1 Bc6 18. Ne2 Kf7 19. Nd4 Bd5 20. Rc7+
Kg8 21. Rc8+ Kh7 22. Rxh8+ Kxh8 23. Rc1 Ne4 24. Be3 Bxa2 25. b3 e5 26. Ne6 Bxb3
27. Nxg7 Kxg7 28. Rc7+ Kf6 29. Rxb7 Bc4 30. Rb4 Bd5 31. Rb6+ Kf5 32. Rxa6 Nf6
33. Bc5 Ne4 34. Ba3 Nc3 35. f3 Ne2+ 36. Kf2 Nf4 37. g4+ Kg5 38. Be7+ Kh6 39. Bf6
Bb7 40. Ra7 Bc6 41. g5+ {Black resigns} 1-0

[Event "Team 45 45 League T43"]
[Site "Internet Chess Club"]
[Date "2009.12.05"]
[Round "6"]
[White "John3v16"]
[Black "arconia"]
[Result "1-0"]
[WhiteElo "1632"]
[BlackElo "1346"]
[Opening "Sicilian defense"]
[ECO "B32"]
[Time "20:00:39"]
[TimeControl "2700+45"]

1. e4 c5 2. Nf3 Nc6 3. d4 cxd4 4. Nxd4 Qb6 5. Nb3 Nf6 6. Nc3 e6 7. Bf4 Bb4 8.
Bd3 O-O 9. O-O d5 10. e5 Nd7 11. Be3 Qd8 12. f4 f6 13. Qh5 f5 14. g4 Ndb8 15.
Nb5 g6 16. Qh6 Rf7 17. gxf5 gxf5 18. Kh1 d4 19. Rg1+ Kh8 20. N3xd4 Qd5+ 21. Rg2
Nxd4 22. Bxd4 Nc6 23. Rg1 Bd7 24. Nc7 Qf3 25. Nxa8 Nxd4 26. Qg5 Bc5 27. Qg8#
{Black checkmated} 1-0

[Event "Team 45 45 League T43"]
[Site "Internet Chess Club"]
[Date "2009.12.03"]
[Round "6"]
[White "carambola"]
[Black "dondel"]
[Result "1-0"]
[WhiteElo "1235"]
[BlackElo "1315"]
[Opening "Sicilian defense"]
[ECO "B30"]
[Time "21:00:27"]
[TimeControl "2700+45"]

1. e4 c5 2. Nf3 Nc6 3. c4 e5 4. Nc3 d6 5. Bd3 Nb4 6. Be2 Be6 7. a3 Nc6 8. b3 Nd4
9. Nxd4 cxd4 10. Nb5 a6 11. Nxd4 exd4 12. d3 Nf6 13. Bb2 Qa5+ 14. b4 Qe5 15.
Qa4+ Bd7 16. b5 O-O-O 17. Qa5 axb5 18. Qa8+ Kc7 19. Qa5+ b6 20. Qa7+ Kc8 21.
cxb5 Qxb5 22. Rc1+ Bc6 23. Bxd4 Nd7 24. Bg4 h5 25. Qa8+ Kc7 26. Qa7+ Kc8 27.
Bxb6 Qxb6 28. Qxb6 hxg4 29. Rxc6# {Black checkmated} 1-0

[Event "Team 45 45 League T43"]
[Site "Internet Chess Club"]
[Date "2009.12.04"]
[Round "6"]
[White "CheeryCherry"]
[Black "John3v16"]
[Result "1/2-1/2"]
[WhiteElo "1563"]
[BlackElo "1627"]
[Opening "Sicilian: Labourdonnais-Löwenthal (Kalashnikov) variation"]
[ECO "B32"]
[Time "19:01:59"]
[TimeControl "2700+45"]

1. e4 c5 2. Nf3 Nc6 3. d4 cxd4 4. Nxd4 e5 5. Nb5 d6 6. N1c3 a6 7. Na3 Nf6 8. Bg5
Be7 9. h4 b5 10. Nd5 Nxe4 11. Nxe7 Nxe7 12. c4 Qa5+ 13. Bd2 Nxd2 14. Qxd2 Qxd2+
15. Kxd2 b4 16. Nc2 a5 17. g3 Bb7 18. Rg1 Ng8 19. Re1 O-O-O 20. Bh3+ Kc7 21. Ne3
Nf6 22. Ke2 d5 23. cxd5 Nxd5 24. Rc1+ Kb8 25. Nc4 Ba6 26. Ke1 Bxc4 27. Rxc4 Ne7
28. Ke2 f5 29. Rgc1 Rc8 30. Rc5 Rhd8 31. Rb5+ Ka7 32. Rxa5+ Kb6 33. Rxc8 Rxc8
34. Rxe5 Nc6 35. Re6 Kb5 36. Ke3 g6 37. Bf1+ Ka4 38. Bg2 Na5 39. b3+ Ka3 40. Ra6
Kxa2 41. Rxa5+ Kxb3 42. Bd5+ Kc3 43. f4 Rd8 44. Rc5+ Kb2 45. Kd2 b3 46. Rb5 Ka2
47. Kc1 Rxd5 48. Rxd5 b2+ 49. Kd2 b1=Q 50. Ra5+ Kb3 51. Rb5+ Ka2 52. Ra5+ Kb3
53. Rb5+ Ka2 54. Rxb1 Kxb1 55. Ke3 Kc2 56. Kd4 Kd2 57. Ke5 Ke3 58. h5 Kf3 59. h6
Kxg3 60. Kf6 Kxf4 61. Kg7 g5 62. Kxh7 g4 63. Kg8 g3 64. h7 g2 65. h8=Q g1=Q+ 66.
Kf7 Qa7+ 67. Ke6 Qb6+ 68. Kd7 Qb5+ 69. Kd6 Qd3+ 70. Kc5 Qe3+ 71. Kd6 Qd3+ 72.
Ke6 Qe4+ 73. Kd6 Ke3 74. Qh3+ Kd4 75. Qh8+ Kd3 76. Qh3+ Kc4 77. Qf1+ Kd4 78.
Qa1+ Ke3 79. Qg1+ Kf3 80. Qf1+ Kg3 81. Qg1+ Kh4 82. Qh2+ Kg5 83. Qg1+ Qg4 84.
Qc1+ f4 85. Qc5+ Kh4 86. Qf2+ Qg3 87. Qf1 f3+ 88. Ke7 Qg2 89. Qc4+ Kg3 90. Qc7+
Kh3 91. Qc8+ Qg4 92. Qc3 Kg2 93. Qc6 Qg7+ 94. Kd8 Qg5+ 95. Ke8 Qe3+ 96. Kf7 Kf1
97. Qa6+ Qe2 98. Qa1+ Kg2 99. Qg7+ Kh2 100. Qh8+ Kg1 101. Qg7+ Qg2 102. Qa1+ Kh2
103. Qh8+ Qh3 104. Qb2+ Kg3 105. Qb8+ Kg2 106. Qa8 Kg1 107. Qa1+ Qf1 108. Qg7+
{Game drawn by mutual agreement} 1/2-1/2

[Event "Team 45 45 League T43"]
[Site "Internet Chess Club"]
[Date "2009.12.07"]
[Round "6"]
[White "chesskix"]
[Black "radiohead"]
[Result "0-1"]
[WhiteElo "1365"]
[BlackElo "1401"]
[Opening "English: Bled variation"]
[ECO "A12"]
[Time "20:00:30"]
[TimeControl "2700+45"]

1. Nf3 d5 2. c4 c6 3. b3 Nf6 4. Bb2 g6 5. Nc3 Bg7 6. Rb1 O-O 7. d3 Nbd7 8. g3 e6
9. Bg2 Nc5 10. O-O Re8 11. Na4 Nxa4 12. bxa4 c5 13. Ne5 Nd7 14. Nxd7 Qxd7 15.
Bxg7 Kxg7 16. Qc2 Rb8 17. Qb2+ Kg8 18. Qe5 Ra8 19. Rb5 b6 20. a5 Ba6 21. Rb2
Rab8 22. Rfb1 dxc4 23. dxc4 Bxc4 24. axb6 axb6 25. Qc3 Ba6 26. Rd2 Qc7 27. Rbd1
Rbd8 28. e3 Rxd2 29. Rxd2 Rd8 30. a3 Rxd2 31. Qxd2 Bb7 32. Bxb7 Qxb7 33. Qd8+
Kg7 34. Qd3 Qd5 35. Qc3+ Kg8 36. h4 Qd1+ 37. Kg2 Qd5+ 38. Kg1 b5 39. Qc2 c4 40.
e4 Qd4 41. Kf1 Qa1+ 42. Ke2 Qxa3 43. Qd2 Qc5 44. g4 h5 45. g5 c3 46. Qd8+ Qf8
47. Qd4 b4 48. Qc4 Qd8 49. Qxb4 Qd2+ 50. Kf3 Qd1+ 51. Kf4 c2 52. Qb8+ Kh7 53.
Ke5 c1=Q 54. Kf6 Qf3+ 55. Ke7 Qc5+ 56. Qd6 Qxd6+ 57. Kxd6 Qxe4 58. Ke7 Kg7 59.
f4 Qxf4 60. Ke8 Qxh4 61. Kd7 Qxg5 62. Kd6 h4 63. Kd7 h3 64. Kd6 h2 65. Kd7 h1=Q
66. Kd6 Kf8 {White resigns} 0-1

[Event "Team 45 45 League T43"]
[Site "Internet Chess Club"]
[Date "2009.12.09"]
[Round "6"]
[White "MikeA"]
[Black "Skyler"]
[Result "1-0"]
[WhiteElo "1710"]
[BlackElo "1356"]
[Opening "Sicilian: Alapin's variation (2.c3)"]
[ECO "B22"]
[Time "17:01:38"]
[TimeControl "2700+45"]

1. e4 c5 2. c3 Nf6 3. e5 Nd5 4. Bc4 Nb6 5. Bb3 d5 6. d4 c4 7. Bc2 Bd7 8. Nf3 e6
9. O-O Be7 10. Nbd2 O-O 11. b3 f6 12. bxc4 dxc4 13. exf6 Bxf6 14. Ne4 Nc6 15.
Nxf6+ Qxf6 16. Rb1 Rad8 17. Bg5 Qf7 18. Bxd8 Rxd8 19. Ng5 Qf4 20. Bxh7+ Kh8 21.
Qh5 g6 22. Bxg6+ Kg7 23. Qh7+ Kf6 24. Ne4+ Qxe4 25. Bxe4 Rf8 26. Bxc6 Bxc6 27.
Rfe1 Bd5 28. Re3 Rf7 29. Qh4+ Kg7 30. Rg3+ Kf8 31. Qd8# {Black checkmated} 1-0

[Event "Team 45 45 League T43"]
[Site "Internet Chess Club"]
[Date "2009.12.08"]
[Round "6"]
[White "Skylab"]
[Black "lawth3"]
[Result "0-1"]
[WhiteElo "1275"]
[BlackElo "1141"]
[Opening "Queen's pawn game"]
[ECO "A46"]
[Time "12:09:09"]
[TimeControl "2700+45"]

1. d4 Nf6 2. Nf3 e6 3. Nc3 Bb4 4. Bd2 d5 5. e3 b6 6. Bd3 Ba6 7. Qe2 Bxd3 8. cxd3
Nc6 9. O-O O-O 10. a3 Be7 11. e4 dxe4 12. Nxe4 Nxe4 13. Qxe4 Na5 14. Rab1 Qd5
15. Qg4 Qf5 16. Qe4 Qxe4 17. dxe4 Nc4 18. Bc3 g5 19. h3 Rad8 20. Rfe1 h5 21.
Rbc1 b5 22. d5 exd5 23. exd5 Rfe8 24. Red1 Nb6 25. Bd2 g4 26. hxg4 hxg4 27. Nh2
g3 28. fxg3 Nxd5 29. Nf3 Bf6 30. Bc3 Nxc3 31. bxc3 Rxd1+ 32. Rxd1 Bxc3 33. Rd7
Ba5 34. Ng5 f6 35. Nf3 Kf8 36. Nd4 Bb6 37. Kh2 Re7 38. Rd5 c6 39. Nxc6 Rh7+
{White resigns} 0-1

[Event "Team 45 45 League T43"]
[Site "Internet Chess Club"]
[Date "2009.12.04"]
[Round "6"]
[White "mongmong"]
[Black "rook9999"]
[Result "1-0"]
[WhiteElo "1555"]
[BlackElo "1586"]
[Opening "Queen's pawn game, Chigorin variation"]
[ECO "D02"]
[Time "20:03:32"]
[TimeControl "2700+45"]

1. d4 d5 2. Nf3 Nc6 3. e3 Nf6 4. c3 Bf5 5. Bb5 a6 6. Bxc6+ bxc6 7. Ne5 Qd6 8.
Qa4 Bd7 9. Nxd7 Nxd7 10. Nd2 e6 11. Nf3 Be7 12. b4 Nb6 13. Qc2 O-O 14. Bb2 Nc4
15. O-O Rab8 16. a3 a5 17. Nd2 Nxb2 18. Qxb2 axb4 19. axb4 e5 20. Qc2 exd4 21.
exd4 Qf4 22. Nf3 Bd6 23. Qd2 Qxd2 24. Nxd2 Rfe8 25. Rfe1 h6 26. h3 Bf4 27. Nf3
Rxe1+ 28. Rxe1 Kf8 29. g3 Bd6 30. Kf1 Re8 31. Rxe8+ Kxe8 32. Ke2 Ke7 33. Nd2 Kf6
34. Nb3 Ke7 35. g4 Kd7 36. f3 Be7 37. f4 Bh4 38. Nc5+ Kd6 39. Nd3 Bf6 40. Kf3 g5
41. Kg3 Kd7 42. Ne5+ Bxe5 43. fxe5 Ke6 44. Kf3 f6 45. exf6 Kxf6 46. Ke3 Ke6 47.
Kd3 Kf6 48. Kc2 Kg6 49. Kb3 h5 50. Ka4 hxg4 51. hxg4 Kf7 52. Ka5 Ke7 53. Ka6 Kd6
54. Kb7 Kd7 55. Kb8 Kd8 56. Ka7 Kc8 57. Ka6 Kb8 58. b5 cxb5 59. Kxb5 Kb7 60. Kc5
c6 61. Kd6 Kb6 62. Ke6 Kb5 63. Kf5 Kc4 64. Kxg5 Kxc3 65. Kf5 Kxd4 66. g5 c5 67.
g6 c4 68. g7 c3 69. g8=Q c2 70. Qg1+ Kc3 71. Qc1 d4 72. Ke4 d3 73. Ke3 Kc4 74.
Kd2 Kd4 75. Qb2+ Ke4 76. Qb4+ Kf3 77. Qc4 c1=Q+ 78. Qxc1 Ke4 79. Qc4+ Ke5 80.
Qxd3 Kf4 81. Qe3+ Kf5 82. Qd4 Ke6 83. Qc5 Kf6 84. Qd5 Ke7 85. Qc6 Kf7 86. Qd6
Kg7 87. Qe6 Kh7 88. Qf6 Kg8 89. Qe7 Kh8 90. Qa7 Kg8 91. Kd3 Kf8 92. Kd4 Ke8 93.
Kd5 Kf8 94. Kd6 Kg8 95. Ke6 Kh8 96. Kf7 Kh7 97. Qa6 Kh8 98. Qh6# {Black
checkmated} 1-0

[Event "Team 45 45 League T43"]
[Site "Internet Chess Club"]
[Date "2009.12.04"]
[Round "6"]
[White "rayspokemon"]
[Black "oldprez"]
[Result "0-1"]
[WhiteElo "1376"]
[BlackElo "1439"]
[Opening "Caro-Kann: advance variation"]
[ECO "B12"]
[Time "19:00:19"]
[TimeControl "2700+45"]

1. e4 c6 2. d4 d5 3. e5 Bf5 4. h3 e6 5. Bd3 Ne7 6. Nf3 Bxd3 7. Qxd3 Nf5 8. Nc3
Be7 9. a3 O-O 10. O-O Nd7 11. Bd2 f6 12. Rfe1 fxe5 13. dxe5 Nh4 14. Nxh4 Bxh4
15. g3 Be7 16. Kh2 Rxf2+ 17. Kg1 Rf8 18. Bf4 Bc5+ 19. Kh2 Be7 20. Kg1 Qb6+ 21.
Be3 Bc5 22. b4 Bxe3+ 23. Rxe3 Rf3 24. Re1 Nxe5 25. Qd2 Rxg3+ 26. Kh2 Nf3+ 27.
Rxf3 Rxf3 28. Qe2 Qc7+ 29. Kg2 Qg3+ 30. Kh1 Qxh3+ 31. Kg1 Rg3+ 32. Qg2 Rxg2+ 33.
Kf1 Rxc2+ 34. Kg1 Qg2# {White checkmated} 0-1

[Event "Team 45 45 League T43"]
[Site "Internet Chess Club"]
[Date "2009.12.12"]
[Round "6"]
[White "TomBolini"]
[Black "cazj"]
[Result "1-0"]
[WhiteElo "1318"]
[BlackElo "1246"]
[Opening "Scotch opening"]
[ECO "C44"]
[Time "17:03:07"]
[TimeControl "2700+45"]

1. e4 e5 2. Nf3 Nc6 3. d4 Nf6 4. Bg5 d6 5. dxe5 h6 6. Bxf6 gxf6 7. exf6 Qxf6 8.
Nc3 Bg4 9. Bb5 Bd7 10. Nd5 Qd8 11. Bxc6 Bxc6 12. Qd4 Rg8 13. Nf6+ Qxf6 14. Qxf6
Bxe4 15. O-O-O Rxg2 16. Rhe1 {Black resigns} 1-0